 Dungeon Crawl Stone Soup version 0.31-a0-995-g04711c9635 (webtiles) character file.

Game seed: 9447247694610752131

69 Dirtsage the Trooper (level 4, 35/35 HPs)
             Began as a Demonspawn Berserker on Nov 6, 2023.
             Was a Believer of Trog.
             Quit the game on level 2 of the Dungeon.
             The game lasted 00:01:29 (722 turns).

Dirtsage the Trooper (Demonspawn Berserker)          Turns: 722, Time: 00:01:30

Health: 35/35      AC:  5    Str: 19    XL:     4   Next: 2%
Magic:  4/4        EV: 12    Int:  9    God:    Trog [**....]
Gold:   40         SH:  0    Dex: 18    Spells: 3/3 levels left

rFire   . . .        a - +0 hand axe
rCold   . . .        (no shield)
rNeg    . . .        e - +0 ring mail
rPois   .            (no helmet)
rElec   .            (no cloak)
rCorr   .            (no gloves)
SInv    .            (no boots)
Will    .....        (no amulet)
Stlth   +            h - +6 ring of dexterity
HPRegen 0.25/turn    (no ring)
MPRegen 0.09/turn

%: no passive effects
@: no status effects
A: foul stench 1, powered by pain 1, weakness stinger 1
a: Renounce Religion, Berserk, Trog's Hand


You were on level 2 of the Dungeon.
You worshipped Trog.
Trog was pleased with you.
You visited 1 branch of the dungeon, and saw 2 of its levels.

You collected 40 gold pieces.

Inventory:

Hand Weapons
 a - a +0 hand axe (weapon)
Armour
 b - a +0 animal skin
 e - a +0 ring mail (worn)
Jewellery
 h - a +6 ring of dexterity (left hand)
Scrolls
 c - a scroll of identify {unknown}
 f - 2 scrolls of amnesia {unknown}
Potions
 d - a potion of invisibility {unknown}
 g - 4 potions of enlightenment {unknown}


   Skills:
 + Level 3.5 Fighting
 + Level 3.2 Axes
 + Level 2.4 Armour
 + Level 2.4 Dodging


You had 3 spell levels left.
You didn't know any spells.
Your spell library was empty.

Dungeon Overview and Level Annotations

Branches:
Dungeon (2/15)

Altars:


Innate Abilities, Weirdness & Mutations

You may rarely emit foul miasma when damaged in melee.
You sometimes gain a little power by taking damage.
You have a small tail.


Message History

The adder is moderately wounded.
The adder bites you. The adder closely misses you.
You take 2 damage, and have 27/29 hp.
You slash the adder!
The adder is almost dead.
The adder closely misses you.
You miss the adder.
The adder is almost dead.
The adder barely misses you. x2
You closely miss the adder.
Your tail-slap misses the adder.
The adder is almost dead.
The adder closely misses you.
You hit the adder.
You kill the adder!
Trog accepts your kill.
An adder comes into view.
There are monsters nearby!
There are monsters nearby!
You hit the giant cockroach.
The giant cockroach is heavily wounded.
The giant cockroach barely misses you.
Health restored: 29 You hit the giant cockroach.
You tail-slap the giant cockroach.
You kill the giant cockroach!
Trog accepts your kill. The adder bites you but does no damage.
You slash the adder!
Your tail-slap misses the adder.
The adder is severely wounded.
The adder bites you but does no damage.
You closely miss the adder.
The adder is severely wounded.
The adder bites you but does no damage. x2
You hit the adder.
You kill the adder!
Trog accepts your kill.
You have reached level 4!
You feel clever.
Your demonic ancestry asserts itself...
You begin to emit a foul stench of rot and decay.
Health restored: 35; MP restored: 4 Are you sure you want to abandon this character and quit the game? (Confirm with "yes".)

......#............
.>....)<............
......#.†...........
........[...........
########............
###.........^..
#.....†........
#...)..........
#......@.......
#.....†.............
................$.....
.....?.................
####...................
######..............
...............
...............
.......<>....S.


There were no monsters in sight!

Vanquished Creatures
  A gnoll (D:1)
  2 adders (D:2)
  2 dart slugs (D:1)
  3 ball pythons
  2 endoplasms
  2 giant cockroaches
  4 goblins
  2 hobgoblins (D:1)
  8 bats
  A frilled lizard (D:1)
  7 kobolds
  4 rats
38 creatures vanquished.

Notes
Turn   | Place    | Note
-------+----------+-------------------------------------------
     0 | D:1      | Dirtsage the Demonspawn Berserker began the quest for the
                  | Orb.
     0 | D:1      | Reached XP level 1. HP: 18/18 MP: 1/1
   103 | D:1      | Gained mutation: You sometimes gain a little power by
                  | taking damage. [demonic ancestry]
   103 | D:1      | Reached XP level 2. HP: 24/24 MP: 2/2
   451 | D:1      | Gained mutation: You have a small tail. [demonic ancestry]
   451 | D:1      | Reached XP level 3. HP: 29/29 MP: 3/3
   603 | D:1      | Reached ** piety under Trog
   703 | D:2      | Identified the +5 sling "Yxzuismy" {heavy, Str+4 Int+3}
   722 | D:2      | Gained mutation: You may rarely emit foul miasma when
                  | damaged in melee. [demonic ancestry]
   722 | D:2      | Reached XP level 4. HP: 35/35 MP: 4/4
   722 | D:2      | Quit the game

Illustrated notes

Levels and vault maps discovered:
D:1:      amcnicky_arrival_feature_with_door, layout_basic
D:2:      layout_rooms, chequers_ecumenical_altar_grove, st_stairs_2

Skill      XL: |  1  2 |
---------------+-------+-----
Armour         | 2 |  2.4
Dodging        | 2 |  2.4
Axes           | 3 |  3.2
Fighting       | |  3.5

Action                     |  1- 3 |  4- 6 || total
---------------------------+-------+-------++-------
  Melee: Hand axe          |    93 |       ||    93
         Tailslap          |     5 |       ||     5
 Invoke: Berserk           |     1 |       ||     1
 Armour: Ring mail         |    72 |       ||    72
  Dodge: Dodged            |    74 |       ||    74

Table legend: (Time is in decaauts)
 A = Elapsed time spent in this place.
 B = Non-inter-level travel time spent in this place.
 C = Inter-level travel time spent in this place.
 D = Time resting spent in this place.
 E = Time spent auto-exploring this place.
 F = Levels seen in this place.
 G = Mean time per level.
                   A        B        C        D        E       F      G
               +--------+--------+--------+--------+--------+-----+--------+
         Total |    742 |    680 |     62 |     31 |    454 |   2 |  371.0 |
       Dungeon |    742 |    680 |     62 |     31 |    454 |   2 |  371.0 |
               +--------+--------+--------+--------+--------+-----+--------+

Top non-repeatable levels by time:
     D:1: 696 daAuts
     D:2: 46 daAuts
